 Dungeon Crawl Stone Soup version 0.18.1-8-gdd0e5ea (webtiles) character file.

1281 M4edhros the Quickloader (level 8, -10/61 HPs)
             Began as a Formicid Hunter on June 4, 2016.
             Mangled by an orc priest
             ... wielding a +3 morningstar
              (14 damage)
             ... on level 6 of the Dungeon.
             The game lasted 00:06:02 (5513 turns).

M4edhros the Quickloader (Formicid Hunter)          Turns: 5513, Time: 00:06:03

Health: -10/61     AC:  5    Str: 18    XL:     8   Next: 84%
Magic:  8/8        EV: 17    Int: 10    God:
Gold:   234        SH:  8    Dex: 18    Spells: 0 memorised, 7 levels left

rFire  . . .     SeeInvis +     o - +1 dagger (venom)
rCold  . . .     Gourm    .     p - +1 leather armour {rPois}
rNeg   . . .     Faith    .     b - +0 shield (curse)
rPois  +         Spirit   .     (helmet unavailable)
rElec  .         Dismiss  .     e - +0 cloak
rCorr  .         Reflect  .     (no gloves)
SustAt .         Harm     .     (no boots)
MR     .....                    (no amulet)
Stlth  +++.......               (no ring)
                                (no ring)

@: agile, not resistant to hostile enchantments, fairly stealthy
A: permanent stasis, dig shafts and tunnels, four strong arms, antennae 3
a: Dig, Shaft Self


You were on level 6 of the Dungeon.
You were hungry.

You visited 1 branch of the dungeon, and saw 6 of its levels.

You collected 234 gold pieces.

Inventory:

Hand Weapons
 a - a +1 hand crossbow
 o - a +1 dagger of venom (weapon)
Missiles
 d - 15 bolts
Armour
 b - a cursed +0 shield (worn)
 c - a +0 leather armour
 e - a +0 cloak (worn)
 n - a fire dragon hide
 p - a +1 leather armour of poison resistance (worn)
 t - a +0 cloak
Wands
 m - a wand of disintegration (10/24)
 u - a wand of acid (7/15)
Scrolls
 g - 3 scrolls of enchant weapon
 h - 3 scrolls of immolation
 i - a scroll of remove curse
 l - a scroll of teleportation
 q - a scroll of enchant armour {unknown}
 x - a scroll of random uselessness
Comestibles
 f - 5 bread rations
 r - 4 fruits
 w - 2 meat rations


   Skills:
 + Level 4.7 Fighting
 - Level 8.3 Crossbows
 * Level 5.5 Dodging
 - Level 1.2 Stealth


You had 7 spell levels left.
You didn't know any spells.

Dungeon Overview and Level Annotations

Branches:
Dungeon (6/15)             Temple (0/1) D:6

Altars:
Okawaru
Pakellas

Shops:
D:5 }

Annotations:
D:4 Pikel


Innate Abilities, Weirdness & Mutations

You are under a permanent stasis effect.
You can dig through walls and to a lower floor.
Your four strong arms can wield two-handed weapons with a shield.
You have a pair of large antennae on your head (SInv).


Message History

* * * LOW HITPOINT WARNING * * *
You hit the orc priest.
The orc priest is poisoned.
The orc priest is moderately wounded.
The orc priest looks braver for a moment.
You hit the orc priest but do no damage.
The orc priest is heavily wounded.
The orc priest misses you.
You closely miss the orc priest.
The orc priest is heavily wounded.
The orc priest barely misses you.
You barely miss the orc priest.
The orc priest is heavily wounded.
You block the orc priest's attack.
You closely miss the orc priest.
The orc priest is heavily wounded.
You block the orc priest's attack.
You closely miss the orc priest.
The orc priest is severely wounded.
The orc priest hits you with an enchanted morningstar!
You die...

..⌠..oo
.########.{.....
..........###
#####......#
#o#{...#
#o##...... #F#
###.## #o# .#
#@# # #.# #.#
#.# #####.#
#######...#.#
#<..##.._...#
#......#.#..# {
###
#...##......#


You could see a giant frog, 2 orc priests and an orc.

Vanquished Creatures
  Eustachio (D:4)
  An ice beast (D:5)
  2 slaves (D:3)
  An ogre (D:4)
  Blork the orc (D:6)
  2 scorpions (D:5)
  A howler monkey (D:4)
  4 hounds
  A jelly (D:5)
  An orc priest (D:4)
  3 iguanas
  Jessica (D:2)
  5 orc wizards
  3 worker ants
  Terence (D:2)
  A hound skeleton (D:4)
  A worker ant zombie (D:5)
  4 gnolls (D:5)
  8 adders
  An adder zombie (D:5)
  2 adder skeletons
  4 worms
  3 dart slugs
  2 giant geckos
  12 orcs
  5 bats
  4 giant cockroaches
  7 goblins
  6 hobgoblins
  6 jackals
  7 kobolds
  A quokka (D:5)
  6 giant newts
  8 rats
116 creatures vanquished.

Notes
Turn   | Place    | Note
--------------------------------------------------------------
     0 | D:1      | M4edhros the Formicid Hunter began the quest for the Orb.
     0 | D:1      | Reached XP level 1. HP: 16/16 MP: 1/1
   122 | D:1      | Reached XP level 2. HP: 22/22 MP: 2/2
   347 | D:1      | Reached XP level 3. HP: 27/27 MP: 3/3
   516 | D:1      | Reached skill level 5 in Crossbows
   905 | D:2      | Noticed Terence
   910 | D:2      | Killed Terence
   910 | D:2      | Reached XP level 4. HP: 32/33 MP: 4/4
  1040 | D:2      | Noticed Jessica
  1044 | D:2      | Killed Jessica
  1044 | D:2      | Reached skill level 6 in Crossbows
  1044 | D:2      | Reached XP level 5. HP: 38/38 MP: 5/5
  2143 | D:4      | Reached XP level 6. HP: 38/44 MP: 6/6
  2160 | D:3      | Reached skill level 7 in Crossbows
  2996 | D:4      | Reached XP level 7. HP: 36/50 MP: 7/7
  2998 | D:4      | Reached skill level 8 in Crossbows
  3401 | D:4      | Noticed Pikel
  3431 | D:4      | Noticed Eustachio
  4025 | D:4      | Killed Eustachio
  4025 | D:4      | Reached XP level 8. HP: 58/58 MP: 8/8
  4230 | D:5      | Entered Level 5 of the Dungeon
  4897 | D:5      | Reached skill level 5 in Dodging
  5135 | D:5      | Found an oddly glowing altar of Pakellas.
  5135 | D:5      | Found Pakellas's Prime Provisions.
  5209 | D:6      | Found an iron altar of Okawaru.
  5480 | D:6      | Found a staircase to the Ecumenical Temple.
  5482 | D:6      | Noticed Blork the orc
  5498 | D:6      | Killed Blork the orc
  5507 | D:6      | HP: 3/61 [orc priest/divine providence (8)]
  5513 | D:6      | Mangled by an orc priest

Skill      XL: |  1  2  3  4  5  6  7  8 |
---------------+-------------------------+-----
Crossbows      | 5 6 7 8 |  8.3
Dodging        | 3 5 |  5.5
Fighting       | 3 4 |  4.7
Stealth        | |  1.2

Action                   |  1- 3 |  4- 6 |  7- 9 || total
-------------------------+-------+-------+-------++-------
Melee: Dagger            |       |    92 |    99 ||   191
 Fire: Hand crossbow     |    62 |    56 |   104 ||   222
Evoke: Wand              |       |       |     4 ||     4
  Use: Scroll            |     7 |       |     5 ||    12
       Potion            |       |     1 |     2 ||     3
 Stab: Distracted        |       |       |     1 ||     1
       Sleeping          |       |       |     1 ||     1
  Eat: Bread ration      |       |     1 |       ||     1
       Chunk             |       |     2 |     2 ||     4
       Meat ration       |       |       |     1 ||     1
Armor: Leather armour    |     2 |       |    16 ||    18
       Fire dragon hide  |     2 |    44 |     5 ||    51
Dodge: Dodged            |     7 |    84 |    63 ||   154
Block: Shield            |       |       |    25 ||    25
